AoeStats
← AiM | Facu1414

African Clearing

505384741Analyzed
4v4 RM · 23d ago on Sep 9, 2026· 41m 38s· 8 players
Game mode
Random Map
Map size
Large (8 player)
Population
200
Speed
Normal
Resources
Standard
Victory
Conquest
Starting age
Dark Age
Ending age
Imperial Age
RankedLock teamsTeams togetherTeam positionsShared explorationLock speedFull tech treeHidden civsTurbo modeCheats
Victory
Defeat
🇦🇺 Persians · Australia
1440
+19
🇨🇦 Mongols · Canada
1430
+20
🇻🇳 Mapuche · Vietnam
1428
+20
🇦🇷 Huns · Argentina
1425
+20
1621
-25
🇦🇷 Cumans · Argentina
1565
-22
🇦🇷 Spanish · Argentina
1549
-21
🇨🇴 Vietnamese · Colombia
1297
-11
Cambo
11:54 Feudal Age
13:00 Double-Bit Axe
15:53 Castle Age
14:33 Loom
17:11 Bow Saw
17:59 Horse Collar
21:58 Fletching
24:15 Wheelbarrow
24:09 Scale Barding Armor
23:58 Gold Mining
27:28 Forging
28:31 Bodkin Arrow
30:42 Chain Barding Armor
30:58 Iron Casting
34:22 Imperial Age
32:10 Bloodlines
32:00 Husbandry
32:25 Husbandry
32:27 Town Watch
32:59 Hand Cart
33:20 Gold Shaft Mining
32:38 Stone Mining
34:05 Stone Shaft Mining
33:38 Heavy Plow
34:01 Cavalier
35:17 Plate Barding Armor
35:42 Blast Furnace
35:44 Two-Man Saw
35:14 Conscription
35:14 Savar
39:59 Crop Rotation
42:13 Scale Mail Armor
old man
2:44 Loom
12:07 Feudal Age
12:42 Double-Bit Axe
20:23 Castle Age
20:05 Forging
29:57 Bloodlines
32:30 Wheelbarrow
33:20 Gold Mining
33:50 Scale Barding Armor
34:25 Husbandry
34:53 Horse Collar
36:38 Fletching
38:40 Chain Barding Armor
40:10 Bow Saw
Valodimer
2:51 Loom
12:23 Feudal Age
13:20 Double-Bit Axe
15:48 Gold Mining
18:20 Castle Age
19:46 Fletching
21:10 Bodkin Arrow
21:15 Padded Archer Armor
21:28 Bow Saw
24:02 Leather Archer Armor
25:40 Ballistics
39:09 Horse Collar
41:21 Heavy Plow
41:59 Malon
KanA
12:06 Loom
13:52 Feudal Age
18:26 Castle Age
16:23 Double-Bit Axe
17:05 Gold Mining
17:29 Fletching
18:59 Bloodlines
21:15 Bodkin Arrow
23:00 Padded Archer Armor
25:14 Ballistics
25:18 Husbandry
26:39 Leather Archer Armor
32:06 Wheelbarrow
35:08 Murder Holes
37:12 Horse Collar
39:03 Hand Cart
43:51 Imperial Age
41:45 Thumb Ring
CTM | HerectorAlejandroBotas
4:00 Loom
11:51 Feudal Age
12:53 Double-Bit Axe
15:27 Forging
19:35 Town Watch
21:15 Scale Barding Armor
26:04 Castle Age
24:01 Fletching
25:09 Domestication
27:25 Iron Casting
26:11 Light Cavalry
27:40 Wheelbarrow
28:14 Husbandry
31:39 Bow Saw
33:57 Chain Barding Armor
36:31 Pastoralism
39:36 Hand Cart
43:16 Imperial Age
AiM | Facu1414
5:34 Loom
15:05 Feudal Age
15:45 Double-Bit Axe
17:20 Horse Collar
21:35 Wheelbarrow
23:08 Gold Mining
25:23 Scale Barding Armor
25:29 Forging
27:53 Castle Age
27:24 Bloodlines
28:01 Forging
29:01 Chain Barding Armor
30:07 Iron Casting
34:38 Hand Cart
39:42 Imperial Age
39:43 Cavalier
40:59 Plate Barding Armor
41:24 Blast Furnace
40:54 Bow Saw
40:45 Heavy Plow
42:13 Gold Shaft Mining
Juan_DavidMLL
9:09 Loom
12:03 Feudal Age
13:32 Town Watch
14:57 Double-Bit Axe
15:07 Town Watch
18:07 Castle Age
16:38 Town Watch
17:48 Fletching
19:46 Bow Saw
21:20 Bodkin Arrow
22:47 Husbandry
25:28 Ballistics
30:59 Elite Skirmisher
31:41 Horse Collar
32:54 Padded Archer Armor
35:07 Squires
35:30 Pikeman
39:44 Imperial Age
37:32 Scale Mail Armor
38:19 Bloodlines
39:35 Chain Mail Armor
39:31 Forging
39:59 Halberdier
AIM | Agua cate 98
3:43 Loom
14:52 Feudal Age
16:03 Double-Bit Axe
18:43 Castle Age
17:42 Gold Mining
18:50 Wheelbarrow
20:18 Bow Saw
21:47 Town Watch
30:49 Husbandry
31:13 Padded Archer Armor
31:33 Horse Collar
33:59 Leather Archer Armor
34:55 Heavy Plow
35:40 Bloodlines
41:19 Imperial Age
41:19 Murder Holes
Connection lost

Rejoining the realm…

Still unreachable

The connection could not be restored.

Session expired

The server has moved on; the page needs a fresh start.